 Dungeon Crawl Stone Soup version 0.31.0-32-g396128a36d (webtiles) character file.

Game seed: 6806586987788310226

75684 spaghetti the Black Sun (level 15, -5/138 HPs)
             Began as a Naga Summoner on Mar 11, 2024.
             Was a High Priest of Kikubaaqudgha.
             Slain by a manticore (10 damage)
             ... on level 13 of the Dungeon.
             The game lasted 01:00:08 (23501 turns).

spaghetti the Black Sun (Naga Summoner)            Turns: 23501, Time: 01:00:09

Health: -5/138     AC: 15    Str: 10    XL:     15   Next: 51%
Magic:  11/24      EV: 12    Int: 23    God:    Kikubaaqudgha [*****.]
Gold:   2051       SH:  0    Dex: 12    Spells: 2/26 levels left

rFire   + . .        X - +6 rapier (distort)
rCold   x . .        (no shield)
rNeg    . . .        V - +1 robe of Vines {NoPotionHeal Regen++++}
rPois   +            (helmet restricted)
rElec   .            H - +1 cloak
rCorr   .            q - +0 pair of gloves
SInv    +            (no barding)
Will    +....        v - amulet of magic regeneration
Stlth   ++           L - ring of fire
HPRegen 3.63/turn    I - +4 ring of protection
MPRegen 0.59/turn

%: no passive effects
@: death channelling, animating dead, very slow
A: AC +5, large, see invisible, deformed body, poison resistance, slowness 2,
spit poison 1, naga tail 2, horns 1, stinger 1
a: Spit Poison, Renounce Religion, Unearth Wretches, Torment


You were on level 13 of the Dungeon.
You worshipped Kikubaaqudgha.
Kikubaaqudgha was extremely pleased with you.
You visited 3 branches of the dungeon, and saw 20 of its levels.
You also visited: Bailey.

You collected 2051 gold pieces.

Inventory:

Hand Weapons
 p - the +4 glaive of Dithmenos {pain, rElec}
   (You found it on level 5 of the Lair of Beasts)

   rElec:     It insulates you from electricity.
 M - a +4 vampiric scimitar
 X - a +6 rapier of distortion (weapon)
Armour
 q - a +0 pair of gloves (worn)
 s - a +2 helmet
 H - a +1 cloak (worn)
 V - the +1 robe of Vines (worn) {NoPotionHeal Regen++++}
   (You found it on level 3 of the Lair of Beasts)

   NoPotionHeal: Its wearer cannot be healed by potions.
   Regen++++: It increases your rate of health regeneration.
Magical Staves
 N - a staff of death
Jewellery
 c - a ring of flight
 j - a ring of wizardry
 v - an amulet of magic regeneration (around neck)
 x - an amulet of faith
 D - a ring of willpower
 I - a +4 ring of protection (right hand)
 L - a ring of fire (left hand)
Wands
 e - a wand of light (4)
 f - a wand of polymorph (7)
 w - a wand of flame (29)
 J - a wand of mindburst (6)
 K - a wand of iceblast (11)
 T - a wand of paralysis (21)
 Z - a wand of digging (8)
Scrolls
 a - a scroll of blinking
 d - a scroll of torment
 m - 3 scrolls of silence
 n - 2 scrolls of revelation
 o - 4 scrolls of brand weapon
 t - 2 scrolls of vulnerability
 y - 3 scrolls of noise
 E - a scroll of enchant armour
 F - 6 scrolls of identify
 S - 2 scrolls of poison
 U - 4 scrolls of teleportation
 Y - 3 scrolls of butterflies
Potions
 b - 5 potions of magic
 g - a potion of mutation
 h - 3 potions of heal wounds
 i - a potion of resistance
 k - 3 potions of invisibility
 l - 3 potions of lignification
 u - 2 potions of haste
 A - 2 potions of might
 B - 3 potions of attraction
 C - 2 potions of cancellation
 G - a potion of ambrosia
 P - 2 potions of brilliance
 Q - 3 potions of curing
 R - a potion of enlightenment
Miscellaneous
 r - a condenser vane
 W - a phantom mirror (inert)


   Skills:
 - Level 10.0 Fighting
 - Level 14.0 Short Blades
 - Level 6.2 Armour
 - Level 6.5 Dodging
 - Level 3.0 Stealth
 - Level 6.0 Spellcasting
 + Level 9.9 Summonings
 - Level 16.2 Necromancy
 - Level 5.0 Fire Magic
 - Level 5.0 Air Magic


You had 2 spell levels left.
You knew the following spells:

 Your Spells              Type           Power      Damage    Failure   Level
a - Summon Small Mammal   Summ           100%       N/A       1%          1
b - Call Imp              Summ           100%       N/A       1%          2
c - Call Canine Familiar  Summ           51%        N/A       1%          3
d - Summon Blazeheart Go  Fire/Summ      58%        N/A       4%          4
e - Summon Lightning Spi  Summ/Air       41%        N/A       4%          4
f - Animate Dead          Necr           69%        N/A       1%          4
g - Death Channel         Necr           34%        N/A       1%          6

Your spell library contained the following spells:

 Spells                   Type           Power      Damage    Failure   Level
 Sublimation of Blood     Necr           69%        N/A       0%          2
 Cigotuvi's Dreadful Rot  Necr/Alch/Air  78%        N/A       1%          2
 Sandblast                Erth           12%        2d6       9%          1
 Blink                    Tloc           12%        N/A       13%         2
 Ensorcelled Hibernation  Hex/Ice        12%        N/A       13%         2
 Lesser Beckoning         Tloc           12%        N/A       13%         2
 Momentum Strike          Conj/Tloc      12%        3d8       13%         2
 Vampiric Draining        Necr           69%        2d10      1%          3
 Martyr's Knell           Necr/Summ      61%        N/A       1%          4
 Curse of Agony           Necr           69%        N/A       1%          5
 Swiftness                Air            29%        N/A       3%          3
 Anguish                  Hex/Necr       22%        N/A       3%          4
 Borgnjor's Vile Clutch   Necr/Erth      22%        N/A       9%          5
 Frozen Ramparts          Ice            12%        1d2       26%         3
 Gell's Gravitas          Tloc           6%         N/A       26%         3
 Passwall                 Erth           6%         N/A       26%         3
 Stone Arrow              Conj/Erth      12%        3d7       26%         3
 Teleport Other           Tloc           6%         N/A       26%         3
 Tukima's Dance           Hex            6%         N/A       26%         3
 Haunt                    Necr/Summ      30%        N/A       34%         7
 Borgnjor's Revivificati  Necr           34%        N/A       58%         8
 Infestation              Necr           34%        N/A       58%         8
 Brom's Barrelling Bould  Conj/Erth      6%         2d3       63%         4
 Leda's Liquefaction      Alch/Erth      3%         N/A       63%         4
 Olgreb's Toxic Radiance  Alch           6%         N/A       63%         4
 Passage of Golubria      Tloc           6%         N/A       63%         4
 Petrify                  Alch/Erth      6%         N/A       63%         4
 Alistair's Intoxication  Alch           4%         N/A       93%         5
 Metabolic Englaciation   Hex/Ice        3%         N/A       93%         5
 Yara's Violent Unravell  Hex/Alch       3%         3d4       93%         5
 Eringya's Noxious Bog    Alch           3%         4d6       100%        6
 Ozocubu's Refrigeration  Ice            3%         4d8       100%        7
 Discord                  Hex            3%         N/A       100%        8
 Death's Door             Necr           34%        N/A       100%        9


Dungeon Overview and Level Annotations

Branches:
Dungeon (13/15)            Temple (0/1) D:5            Lair (5/5) D:9
 Shoals (0/4) Lair:3       Spider (0/4) Lair:3        Slime (0/5) Lair:5
    Orc (2/2) D:11            Elf (0/3) Orc:2        Bailey (visited)
 Vaults: D:13-14

Altars:
Hepliaklqana
Kikubaaqudgha
Nemelex Xobeh
Ru
Sif Muna
Trog
Uskayaw
Wu Jian
Jiyva
Lugonu

Shops:
Orc:2 *[[::

Portals:
Abyss: Lair:5
Trove: D:10 (give +3 shadow dragon scales)

Annotations:
D:7 1 transporter, Consumeair16's ghost, novice GnGl
D:12 2 transporters, spaghetti's ghost, journeyman NaSu


Innate Abilities, Weirdness & Mutations

Your serpentine skin is tough. (AC +5)
You have supernaturally acute eyesight. (SInv)
Armour fits poorly on your strangely shaped body.
Your system is resistant to poisons. (rPois)
You cover ground very slowly.
You can spit poison.
You can use your snake-like lower body to constrict enemies.
You have a pair of small horns on your head.
Your tail ends in a venomous barb.


Message History

Casting: Animate Dead (safe; 1% risk of failure)
Confirm with . or Enter, or press ? or * to list all spells.
An electric hum fills the air.
The manticore bites you!!
The manticore claws you but does no damage. x2
The ice dragon closely misses you.
The ice dragon claws you but does no damage.
The ice dragon tramples you but does no damage.
The basilisk bites you.
You hit the ice dragon but do no damage.
Space warps horribly around the ice dragon!
The ice dragon is severely wounded.
You hit the ice dragon but do no damage.
Space warps horribly around the ice dragon!
The ice dragon is almost dead.
You carefully extract the barbed spikes from your body.
The manticore bites you!
The manticore claws you but does no damage.
The manticore claws you. The basilisk closely misses you.
The ice dragon bites you.
The ice dragon claws you but does no damage.
The ice dragon tramples you but does no damage.
Your lightning spire shoots out a bolt of lightning at the manticore!
The bolt of electricity hits the manticore!
The bolt of electricity hits the manticore.
You puncture the ice dragon!
You headbutt the ice dragon, but do no damage.
The ice dragon is almost dead.
A nearby stone giant perishes wretchedly.
The dead are walking!
You hit the ice dragon but do no damage.
The ice dragon is almost dead.
The ice dragon blinks!
The ice dragon breathes frost at you. The blast of cold hits you!!!
You feel a terrible chill!
* * * LOW HITPOINT WARNING * * *
The basilisk misses you.
The orc warlord roars a battlecry!
The manticore bites you!
You die...
Kikubaaqudgha rasps: "You have failed me!
Welcome... death!" .....# # .....# .. .....# #.# .....### ... ### .....#.. #?# ..# #...#.# =.H #.# #..#.# ###o### .#.# #..#.# #Z.ZlD#

..#.### #....###
##@#.###...# #.Z#Z..#
#..H8#Z..#.###
#.Z###Z####.#.####.###Z#.#
##....#......#...Z..# #Z..#
#.....##.#########.####.#.#
#..(>.........# #.# #..#.#
##...##.......## #.# #..#.#
#....####......## #.###...#.
................###.......##


You could see an orc warlord, an ice dragon (catching breath, ally target), 2
manticores, a basilisk, a friendly lightning spire (summoned), a friendly
spectral stone giant and a friendly stone giant zombie.

Vanquished Creatures
  Snorg (Lair:4)
  An ettin (D:13)
  A fire dragon (D:13)
  2 hydras
  4 centaur warriors
  2 boulder beetles
  A two-headed ogre (Orc:2)
  2 thrashing horrors (Lair:5)
  A skyshark (Lair:3)
  A fire crab (D:13)
  5 skeletal warriors (D:12)
  Pikel (D:7)
  2 orc knights
  4 ugly things
  A wolf spider (D:13)
  3 cyclopes
  2 manticores
  4 kobold blastminers
  6 elephants
  2 black mambas
  2 torpor snails
  A gargoyle (D:10)
  A smoke demon (Lair:5)
  5 cane toads
  2 rime drakes
  7 komodo dragons
  3 kobold demonologists
  Psyche (D:8)
  5 trolls
  A queen bee (shapeshifter) (D:13)
  6 blink frogs
  3 raiju (Lair:5)
  2 dream sheep (Lair:5)
  3 slime creatures (D:12)
  A vampire (D:12)
  Sigmund (D:5)
  2 ynoxinuls (Lair:5)
  24 yaks
  A wraith (D:13)
  3 wyverns
  2 fire bats (D:8)
  A steam dragon (D:9)
  2 basilisks
  Menkaure (D:7)
  6 vampire mosquitoes
  3 chaos spawn (Lair:5)
  5 small abominations (Lair:5)
  A skyshark zombie (Lair:3)
  An acid dragon (D:10)
  4 water moccasins
  A hell hound (D:8)
  A sky beast (D:7)
  24 orc warriors
  A laughing skull (D:11)
  An elephant zombie (Lair:1)
  4 blink frog zombies
  2 ogres
  3 wolves
  7 centaurs
  A kobold brigand (D:13)
  2 lemures (D:7)
  A phantom (D:5)
  A gnoll sergeant (D:5)
  6 bullfrogs
  2 scorpions
  2 wights (D:8)
  2 yak zombies
  8 killer bees
  A nameless horror (Lair:1)
  A wolf zombie (Lair:1)
  3 howler monkeys (D:7)
  A hound (D:5)
  6 orc priests
  A basilisk zombie (Lair:3)
  2 jellies (Lair:5)
  Crazy Yiuf (D:7)
  A sleepcap (D:3)
  An iguana (D:6)
  11 orc wizards
  A howler monkey zombie (D:7)
  6 adders
  7 gnolls
  4 dart slugs
  46 orcs
  A bat (D:7)
  3 endoplasms (D:1)
  A giant cockroach (D:2)
  A goblin (D:1)
  A hobgoblin (D:1)
  4 jackals (D:3)
  3 quokkas
  2 ball pythons
  4 frilled lizards
  5 kobolds
  6 orc zombies
  5 rats
344 creatures vanquished.

Vanquished Creatures (collateral kills)
  2 tengu reavers (D:13)
  2 hydras
  An anaconda (Lair:5)
  2 centaur warriors
  Erica (D:8)
  A boulder beetle (D:13)
  2 two-headed ogres
  A skyshark (Lair:3)
  An orb spider (Lair:3)
  A deep elf pyromancer (D:13)
  2 orc sorcerers
  A cyclops (D:12)
  2 ugly things (D:13)
  7 elephants
  An oklob plant (Lair:3)
  2 manticores
  Maurice (D:8)
  A slime creature (D:12)
  A meliai (D:13)
  2 kobold blastminers (Orc:2)
  2 black mambas
  Maggie (D:7)
  7 cane toads
  Jeremiah (D:6)
  A kobold demonologist (D:9)
  A komodo dragon (Lair:1)
  2 trolls (D:13)
  A wind drake (Lair:3)
  A hornet (D:10)
  Prince Ribbit (D:7)
  Grinder (D:3)
  A tarantella (shapeshifter) (Lair:5)
  A dream sheep (Lair:5)
  6 blink frogs
  A shadow (D:10)
  A fire elemental (D:8)
  2 wraiths
  22 yaks
  2 spriggans (Lair:5)
  8 basilisks
  2 wargs
  2 fire bats (D:8)
  7 water moccasins
  3 nameless horrors
  14 orc warriors
  2 black bears
  2 ogres
  9 wolves
  A laughing skull (D:11)
  2 centaurs
  A phantom (D:4)
  A lemure (D:7)
  4 kobold brigands
  6 bullfrogs
  2 scorpions (D:6)
  2 small abominations (Lair:5)
  A wight (D:8)
  4 killer bees
  An electric eel (Lair:3)
  2 howler monkeys
  2 lava snakes (D:8)
  6 jellies
  12 orc priests
  2 hounds
  11 orc wizards
  10 gnolls
  3 adders
  A shadow imp (D:6)
  2 white imps
  A dart slug (D:4)
  42 orcs
  4 endoplasms
  6 goblins
  4 jackals (D:3)
  A quokka (D:4)
  A bat (D:1)
  2 frilled lizards
  14 kobolds
  3 orc zombies
292 creatures vanquished.

Vanquished Creatures (others)
  A stone giant (D:13)
  3 boulder beetles
  A deep elf knight (D:13)
  A tengu zombie (D:13)
  A wolf spider zombie (D:13)
  A black mamba (Lair:3)
  A kobold demonologist (D:13)
  A fire dragon zombie (D:13)
  2 hydra zombies (Lair:3)
  A blink frog (Lair:3)
  2 boulder beetle zombies
  2 slime creature zombies (D:12)
  A two-headed ogre zombie (D:13)
  A cane toad zombie (Lair:3)
  A water moccasin (Lair:3)
  A blink frog zombie (Lair:5)
  A manticore zombie (D:13)
  2 wolves (Lair:3)
  A komodo dragon zombie (Lair:4)
  A warg zombie (Orc:2)
  A cyclops zombie (D:12)
  A water moccasin zombie (Lair:2)
  4 yak zombies
  A troll zombie (D:13)
  4 wolf zombies
  6 centaur zombies
  2 basilisk zombies (Lair:5)
  A jelly (D:13)
  An orc wizard (D:9)
  An ogre zombie (Orc:1)
  A jelly zombie (D:13)
  A goblin (D:13)
  A ball python (D:1)
  A frilled lizard zombie (D:9)
  A goblin zombie (D:13)
  7 kobold zombies
  38 orc zombies
  60 blazeheart cores
158 creatures vanquished.

Grand Total: 794 creatures vanquished

Notes
Turn   | Place    | Note
-------+----------+-------------------------------------------
     0 | D:1      | spaghetti the Naga Summoner began the quest for the Orb.
     0 | D:1      | Reached XP level 1. HP: 15/15 MP: 3/3
   193 | D:1      | Reached XP level 2. HP: 17/22 MP: 1/5
   895 | D:2      | Reached XP level 3. HP: 5/28 MP: 7/7
  1043 | D:2      | Learned a level 2 spell: Call Imp
  1047 | D:2      | Learned a level 3 spell: Call Canine Familiar
  1391 | D:2      | Reached XP level 4. HP: 36/36 MP: 6/8
  2158 | D:3      | Reached skill level 5 in Summonings
  2233 | D:3      | Reached XP level 5. HP: 14/42 MP: 2/10
  2433 | D:3      | Noticed Grinder
  2447 | D:3      | Learned a level 4 spell: Summon Blazeheart Golem
  2468 | D:3      | Killed Grinder
  2469 | D:3      | Reached XP level 6. HP: 16/49 MP: 0/11
  3644 | D:4      | Reached skill level 5 in Fire Magic
  3644 | D:4      | Reached XP level 7. HP: 55/55 MP: 5/13
  3728 | D:4      | Reached skill level 5 in Spellcasting
  3847 | D:4      | Found a sparkling altar of Nemelex Xobeh.
  4246 | D:5      | Entered Level 5 of the Dungeon
  4246 | D:5      | Noticed Sigmund
  4253 | D:5      | Killed Sigmund
  4334 | D:5      | Reached XP level 8. HP: 57/67 MP: 9/17
  4605 | D:5      | Found a staircase to the Ecumenical Temple.
  4882 | D:5      | Found an ancient bone altar of Kikubaaqudgha.
  4906 | D:5      | Found a hide-covered altar of Uskayaw.
  5017 | D:5      | Became a worshipper of Kikubaaqudgha
  5343 | D:6      | Reached skill level 5 in Fighting
  5444 | D:6      | Noticed Jeremiah
  5463 | D:6      | Killed Jeremiah
  5464 | D:6      | Reached XP level 9. HP: 22/86 MP: 18/18
  5916 | D:6      | Reached skill level 1 in Armour
  6490 | D:7      | Found a flagged portal.
  6500 | Bailey   | Entered a bailey
  6506 | Bailey   | Learned a level 4 spell: Summon Lightning Spire
  6653 | Bailey   | Reached * piety under Kikubaaqudgha
  6653 | Bailey   | Received a gift from Kikubaaqudgha
  6659 | Bailey   | Learned a level 4 spell: Animate Dead
  6717 | Bailey   | Noticed an orc knight
  6730 | Bailey   | Killed an orc knight
  6731 | Bailey   | Reached skill level 1 in Necromancy
  6731 | Bailey   | Reached skill level 1 in Air Magic
  7157 | D:7      | Reached skill level 2 in Necromancy
  7165 | D:7      | Reached XP level 10. HP: 89/96 MP: 12/19
  7171 | D:7      | Reached skill level 3 in Necromancy
  7171 | D:7      | Noticed Menkaure
  7185 | D:7      | Gained mutation: Your spells are a little easier to cast,
                  | but a little less powerful. [potion of mutation]
  7189 | D:7      | Killed Menkaure
  7328 | D:7      | Noticed Pikel
  7331 | D:7      | Killed Pikel
  7355 | D:7      | Noticed Maggie
  7366 | D:7      | Killed Maggie
  7391 | D:7      | Found a shimmering blue altar of Sif Muna.
  7461 | D:7      | Found a runed translucent door.
  7462 | D:7      | Noticed Crazy Yiuf
  7520 | D:7      | Noticed Prince Ribbit
  7540 | D:7      | Reached skill level 4 in Necromancy
  7540 | D:7      | Killed Prince Ribbit
  7540 | D:7      | Reached ** piety under Kikubaaqudgha
  7543 | D:7      | Noticed a boulder beetle
  7631 | D:7      | Killed a boulder beetle
  7701 | D:7      | Noticed Consumeair16's ghost (novice GnGl)
  7702 | D:7      | Found a transporter.
  8132 | D:7      | Found a sacrificial altar of Ru.
  8398 | D:7      | Killed Crazy Yiuf
  8599 | D:8      | Noticed Maurice
  8608 | D:8      | Killed Maurice
  8637 | D:8      | Noticed Erica
  8645 | D:8      | Killed Erica
  8646 | D:8      | Reached skill level 5 in Dodging
  8646 | D:8      | Reached XP level 11. HP: 105/106 MP: 13/20
  8716 | D:8      | Reached skill level 5 in Necromancy
  8716 | D:8      | Reached skill level 5 in Air Magic
  8738 | D:8      | Found a hazy altar of Hepliaklqana.
  8866 | D:8      | Noticed Psyche
  8875 | D:8      | Killed Psyche
 10008 | D:9      | Reached skill level 5 in Armour
 10290 | D:9      | Found a staircase to the Lair.
 10292 | D:9      | Noticed a two-headed ogre
 10307 | D:9      | Killed a two-headed ogre
 10401 | D:9      | Reached *** piety under Kikubaaqudgha
 10401 | D:9      | Received a gift from Kikubaaqudgha
 11179 | D:9      | Reached skill level 6 in Necromancy
 11184 | D:9      | Noticed a centaur warrior
 11211 | D:9      | Killed a centaur warrior
 11705 | D:10     | Entered Level 10 of the Dungeon
 11808 | D:10     | Reached skill level 10 in Fighting
 12047 | D:10     | Found an ornate altar of the Wu Jian Council.
 12054 | D:10     | Found a portal to a secret trove of treasure.
 12068 | D:10     | Reached XP level 12. HP: 103/116 MP: 21/21
 12284 | D:10     | Found a bloodstained altar of Trog.
 12768 | D:11     | Found a staircase to the Orcish Mines.
 12863 | D:11     | Reached **** piety under Kikubaaqudgha
 13176 | D:11     | Reached skill level 7 in Necromancy
 13299 | D:9      | Noticed a sun demon
 13344 | Lair:1   | Entered Level 1 of the Lair of Beasts
 13413 | Lair:1   | Reached skill level 8 in Necromancy
 13751 | Lair:1   | Reached skill level 9 in Necromancy
 14418 | Lair:1   | Reached skill level 10 in Necromancy
 15340 | Lair:2   | Reached skill level 11 in Necromancy
 15356 | Lair:2   | Gained mutation: You can use your snake-like lower body to
                  | constrict enemies. [Naga growth]
 15356 | Lair:2   | Reached XP level 13. HP: 24/123 MP: 6/22
 15743 | Lair:2   | Found a dark tunnel.
 16001 | Lair:2   | Reached skill level 12 in Necromancy
 16341 | Lair:2   | Learned a level 6 spell: Death Channel
 16460 | Lair:3   | Found a staircase to the Shoals.
 16512 | Lair:3   | Reached skill level 13 in Necromancy
 17280 | Lair:3   | Reached skill level 14 in Necromancy
 17376 | Lair:3   | Found a hole to the Spider Nest.
 17423 | Lair:3   | Found the +1 robe of Vines {NoPotionHeal Regen++++}
 17450 | Lair:3   | Reached ***** piety under Kikubaaqudgha
 18001 | Lair:4   | Noticed Snorg
 18006 | Lair:4   | Killed Snorg
 18050 | Lair:4   | Reached skill level 15 in Necromancy
 18334 | Lair:4   | Reached XP level 14. HP: 116/132 MP: 23/23
 18711 | Lair:4   | Identified the +0 pair of boots of Uczuraud {Str+2}
 19019 | Lair:5   | Entered Level 5 of the Lair of Beasts
 19261 | Lair:5   | Reached skill level 16 in Necromancy
 19446 | Lair:5   | Reached skill level 1 in Short Blades
 19511 | Lair:5   | Reached skill level 5 in Short Blades
 19540 | Lair:5   | Found a corrupted altar of Lugonu.
 19540 | Lair:5   | Found a one-way gate to the infinite horrors of the Abyss.
 19552 | Lair:5   | Identified the +4 glaive of Dithmenos {pain, rElec}
 19696 | Lair:5   | Found a viscous altar of Jiyva.
 19697 | Lair:5   | Found a staircase to the Slime Pits.
 20641 | Orc:1    | Entered Level 1 of the Orcish Mines
 20790 | Orc:2    | Entered Level 2 of the Orcish Mines
 20857 | Orc:2    | Reached skill level 10 in Short Blades
 21141 | Orc:2    | Found a staircase to the Elven Halls.
 21295 | Orc:2    | Noticed a walking divine tome
 21297 | Orc:2    | Found Ockein's Book Boutique.
 21304 | Orc:2    | Reached ****** piety under Kikubaaqudgha
 21314 | Orc:2    | Noticed a walking divine tome
 21505 | Orc:2    | Found Fuomisoo's Armour Shoppe.
 21505 | Orc:2    | Found Diomy's Antique Armour Shop.
 21507 | Orc:2    | Found Leogeis's Assorted Antiques.
 21509 | Orc:2    | Found Cinedeuk's Book Emporium.
 21521 | Orc:2    | Received a gift from Kikubaaqudgha (forbidden knowledge)
 21672 | Orc:1    | Reached XP level 15. HP: 138/138 MP: 16/24
 22069 | D:12     | Found a transporter.
 22072 | D:12     | Noticed spaghetti's ghost (journeyman NaSu)
 22163 | D:12     | Found a transporter.
 22792 | D:13     | Noticed a tengu reaver
 22792 | D:13     | Noticed a tengu reaver
 22813 | D:13     | Killed a tengu reaver
 22827 | D:13     | Killed a tengu reaver
 23089 | D:13     | Identified the +1 ring mail of Latischy {rN+ Stlth+}
 23136 | D:13     | Lost mutation: Your spells are a little easier to cast, but
                  | a little less powerful. [potion of mutation]
 23136 | D:13     | Gained mutation: Your spells are a little harder to cast,
                  | but a little more powerful. [potion of mutation]
 23137 | D:13     | Lost mutation: Your spells are a little harder to cast, but
                  | a little more powerful. [potion of mutation]
 23137 | D:13     | Gained mutation: Your tail ends in a venomous barb. [potion
                  | of mutation]
 23137 | D:13     | Gained mutation: You have a pair of small horns on your
                  | head. [potion of mutation]
 23493 | D:13     | Noticed an orc warlord
 23501 | D:13     | HP: 5/138 [ice dragon/blast of cold (43)]
 23501 | D:13     | Slain by a manticore

Illustrated notes

Levels and vault maps discovered:
D:1:      dpeg_arrival_concentric_ovals, layout_rooms, lemuel_flame_loot_1
D:2:      layout_loops_corners, minmay_indecisive_spiral
D:3:      layout_basic, hellmonk_no_cap, uniq_grinder
D:4:      layout_basic, mainiacjoe_overflow_tiny_flanked, serial_bayou_lake_a
D:5:      layout_gridville, nicolae_uskayaw_suspiria, kennysheep_mini_moat,
          minmay_temple_entry_sparse_star, uniq_sigmund
D:6:      layout_cave_pods, uniq_jeremiah
D:7:      layout_cave_pods, nicolae_ru_great_annihilating_truth,
          mainiacjoe_overflow_cross_hatched, gammafunk_ghost_smash,
          enter_bailey_2, chequers_garden, minmay_manual_mess, uniq_maggie,
          uniq_crazy_yiuf_cottage, uniq_prince_ribbit1, uniq_pikel,
          uniq_menkaure
D:8:      layout_rooms, worldfamousw_hep_ancestral_shrine,
          nicolae_kite_square_tiling_tiny, hangedman_incinerator, uniq_erica,
          uniq_psyche, uniq_maurice
D:9:      layout_roguey, erik_lair_orcish_takeover, serial_curves,
          eino_curves_01, eino_curves_04
D:10:     layout_basic, trog_three_pillars_becter, overflow_temple_1_default,
          enter_trove_0, hangedman_corner_corridor
D:11:     nicolae_hitomezashi [nicolae_hito_row, nicolae_hito_row,
          nicolae_hito_row, nicolae_hito_row, nicolae_hito_row,
          nicolae_hito_row, nicolae_hito_row, nicolae_hito_row,
          nicolae_hito_row, nicolae_hito_row, nicolae_hito_row,
          nicolae_hito_row, nicolae_hito_row, nicolae_hito_row,
          nicolae_hito_row, nicolae_hito_row, nicolae_hito_row,
          nicolae_hito_row], layout_cave_pools, david_orc_4,
          nicolae_island_escapes
D:12:     layout_basic, gammafunk_ghost_stat_death
D:13:     minmay_the_grid_four_pointed_star_mashed
          [minmay_the_grid_triangle_9x9_cache,
          minmay_the_grid_triangle_9x9_swiss_cheese,
          minmay_the_grid_triangle_9x9_impossible_snake,
          minmay_the_grid_triangle_9x9_corrupted_corridor,
          minmay_the_grid_prize_diamond_cup], layout_layer_cave,
          nicolae_doodle_vault
Lair:1:   layout_cave_pods, serial_bayou_pond_d, nicolae_quartered_pool_super,
          cheibrodos_lair_caveside_slide
Lair:2:   layout_long_grid, nicolae_volcano_entry_hallway,
          gauntlet_entry_generic
Lair:3:   layout_gridlike, minmay_shoals_entry_beasts,
          nicolae_spider_entry_orb_guardian, hellmonk_guarded_unrand_vines,
          grunt_megastairs_2, serial_bayou_shore_a
Lair:4:   layout_cave_pods, uniq_snorg
Lair:5:   hellmonk_lair_end_abyssal_woods, layout_hall_layers,
          nicolae_slime_entry_slimehenge
Orc:1:    layout_diamond_mine
Orc:2:    st_orc_rangers, layout_caves, serial_shops, nicolae_shop_mannequins

Skill      XL: |  1  2  3  4  5  6  7  8  9 10 11 12 13 14 15 |
---------------+----------------------------------------------+-----
Spellcasting   | 3 4 6 |  6.0
Summonings     | 5 6 7 9 |  9.9
Fire Magic     | 3 5 |  5.0
Fighting       | 2 7 8 9 10 | 10.0
Armour         | 3 4 5 6 |  6.2
Dodging        | 3 5 6 |  6.5
Necromancy     | 2 4 6 11 15 16 | 16.2
Air Magic      | 2 4 5 |  5.0
Short Blades   | 13 14 | 14.0
Stealth        | |  3.0

Action                     |  1- 3 |  4- 6 |  7- 9 | 10-12 | 13-15 || total
---------------------------+-------+-------+-------+-------+-------++-------
  Melee: Dagger            |    36 |    32 |       |       |       ||    68
         Punch             |     1 |       |       |     9 |    13 ||    23
         Spear             |       |     7 |    71 |       |       ||    78
         Halberd           |       |       |    29 |   114 |       ||   143
         Trident           |       |       |    18 |       |       ||    18
         Staff             |       |       |       |   381 |   150 ||   531
         Constrict         |       |       |       |       |   133 ||   133
         Rapier            |       |       |       |       |   446 ||   446
         Headbutt          |       |       |       |       |     3 ||     3
   Cast: Summon Small Mamm |    23 |    30 |    43 |    42 |    39 ||   177
         Call Imp          |       |    20 |    26 |    64 |    57 ||   167
         Call Canine Famil |       |    17 |    23 |    51 |    42 ||   133
         Summon Blazeheart |       |       |    12 |    81 |    50 ||   143
         Summon Lightning  |       |       |     3 |    41 |    28 ||    72
         Animate Dead      |       |       |       |    29 |    30 ||    59
         Death Channel     |       |       |       |       |    48 ||    48
 Invoke: Unearth Wretches  |       |       |       |     1 |    10 ||    11
         Receive Forbidden |       |       |       |       |     1 ||     1
Ability: Spit Poison       |     6 |     5 |     1 |     5 |     4 ||    21
  Evoke: Wand              |       |       |       |     3 |     1 ||     4
         Phantom mirror    |       |       |       |       |     1 ||     1
    Use: Scroll            |     2 |     1 |     2 |    10 |     8 ||    23
         Potion            |     1 |       |     4 |    14 |     4 ||    23
   Stab: Distracted        |       |     1 |     6 |     4 |     8 ||    19
         Sleeping          |       |       |     3 |       |     2 ||     5
         Paralysed         |       |       |       |     3 |    10 ||    13
 Armour: Robe              |    23 |    39 |    73 |     6 |   521 ||   662
         Acid dragon scale |       |       |       |   714 |   166 ||   880
  Dodge: Dodged            |    19 |    24 |    80 |   377 |   501 ||  1001
